 Dungeon Crawl Stone Soup version 0.32-a0-711-g016ad743e0 (webtiles) character file.

Game seed: 11079075908895827122

2332208 hikkokomori the Swordmaster (level 27, 254/254 HPs)
             Began as a Coglin Berserker on Mar 15, 2024.
             Was a High Priest of Trog.
             Escaped with the Orb
             ... and 4 runes!
             The game lasted 03:17:31 (70769 turns).

hikkokomori the Swordmaster (Coglin Berserker)     Turns: 70769, Time: 03:17:31

Health: 254/254    AC: 33    Str: 25    XL:     27
Magic:  23/23      EV: 27    Int:  6    God:    Trog [*****.]
Gold:   3162       SH:  0    Dex: 29    Spells: 26/26 levels left

rFire   + . .        b - +11 Singing Sword {sonic wave}
rCold   + . .        P - +5 broad axe of the Lusting Firefly {flame, rElec Str+3}
rNeg    . . .        V - +10 chain mail "Xaceips" {-Cast Dex+8 SInv}
rPois   +            A - +2 hat {Stlth+}
rElec   +            Q - scarf {rC+ rF+}
rCorr   +            H - +0 pair of fencer's gloves {Riposte Dex+3}
SInv    +            Z - +2 pair of boots {Fly}
Will    ++...        (amulet unavailable)
Stlth   +            (ring unavailable)
HPRegen 0.62/turn    (ring unavailable)
MPRegen 0.18/turn    U
                       - NW-80 turboscope {RevParry, rPois rCorr Slay+3}

%: no spellcasting
@: flying, studying 2 skills
A: off-hand wielding, slow wielding, warmup strikes, no jewellery, fangs 1,
horns 1, clumsy 2, dopey 1, robust 1
0: Orb of Zot
}: 4/15 runes: serpentine, barnacled, slimy, silver
a: Renounce Religion, Berserk, Trog's Hand, Brothers in Arms


You escaped.
You worshipped Trog.
Trog was extremely pleased with you.
You visited 11 branches of the dungeon, and saw 51 of its levels.
You visited the Abyss 1 time.
You also visited: Bailey, Ice Cave, Wizlab and Desolation.

You collected 7922 gold pieces.
You spent 4760 gold pieces at shops.

Inventory:

Hand Weapons
 a - the +8 war axe "Lauw" {freeze, rN+++ Str+2 Dex-3 Stlth+}
   (You bought it in a shop on level 3 of the Snake Pit)

   Str+2:     It affects your strength (+2).
   Dex-3:     It affects your dexterity (-3).
   rN+++:     It renders you almost immune to negative energy.
   Stlth+:    It makes you more stealthy.
 b - the +11 Singing Sword (weapon) {sonic wave}
   (You took it off a meliai on level 11 of the Dungeon)
 i - a +9 broad axe of freezing
 P - the +5 broad axe of the Lusting Firefly (offhand) {flame, rElec Str+3}
   (You found it on level 5 of the Vaults)

   Str+3:     It affects your strength (+3).
   rElec:     It insulates you from electricity.
Missiles
 w - 14 curare-tipped darts
 y - 51 boomerangs (quivered)
 J - 3 throwing nets
 S - 15 atropa-tipped darts
Armour
 A - a +2 hat of stealth (worn)
 H - the +0 pair of fencer's gloves (worn) {Riposte Dex+3}
   (You found it on level 3 of the Depths)

   Riposte:   It allows the wearer to riposte with melee weapons, swiftly
   retaliating against missed or blocked melee attacks.
   Dex+3:     It affects your dexterity (+3).
 I - the +1 pair of gloves of Zeoffase {rF+ rC+}
   (You found it on level 6 of the Dungeon)

   rF+:       It protects you from fire.
   rC+:       It protects you from cold.
 Q - a scarf of resistance (worn)
 V - the +10 chain mail "Xaceips" (worn) {-Cast Dex+8 SInv}
   (You found it on level 5 of the Lair of Beasts)

   Dex+8:     It affects your dexterity (+8).
   SInv:      It lets you see invisible.
   -Cast:     It prevents spellcasting.
 Z - a +2 pair of boots of flying (worn)
Gizmo
 U - a NW-80 turboscope (installed) {RevParry, rPois rCorr Slay+3}
   (You invented it yourself on level 3 of the Lair of Beasts)

   [NW-80 turboscope]

   RevParry:  Your AC increases as you Rev (up to +5) and while fully Revved,
   your attacks may disarm enemies.
   Slay+3:    It affects your accuracy & damage with ranged weapons and melee
   (+3).
   rPois:     It protects you from poison.
   rCorr:     It protects you from acid and corrosion.
Wands
 e - a wand of charming (48)
 v - a wand of mindburst (21)
 D - a wand of polymorph (7)
 F - a wand of acid (8)
 G - a wand of roots (39)
 K - a wand of digging (2)
 N - a wand of flame (73)
Scrolls
 c - a scroll of blinking
 d - a scroll of silence
 m - 11 scrolls of teleportation
 u - 12 scrolls of vulnerability
 C - a scroll of brand weapon
 L - 11 scrolls of poison
 M - 9 scrolls of immolation
 O - 4 scrolls of noise
 R - 4 scrolls of enchant weapon
 T - 9 scrolls of fog
 W - 4 scrolls of revelation
 Y - 6 scrolls of fear
Potions
 j - 6 potions of attraction
 k - 5 potions of enlightenment
 l - 3 potions of heal wounds
 n - 11 potions of might
 o - 5 potions of berserk rage
 p - 8 potions of curing
 q - 4 potions of cancellation
 r - 3 potions of invisibility
 t - 16 potions of mutation
 x - 2 potions of resistance
 z - 2 potions of ambrosia
 B - 4 potions of haste
 E - 3 potions of magic
Miscellaneous
 f - a phantom mirror
 g - a lightning rod (4/4)
 h - a phial of floods
 s - a tin of tremorstones (1/2)
 X - a sack of spiders


   Skills:
 - Level 22.0 Fighting
 O Level 27 Long Blades
 - Level 18.0 Axes
 - Level 12.0 Throwing
 + Level 19.8 Armour
 + Level 20.4 Dodging
 - Level 7.0 Stealth
 + Level 24.1 Evocations


You had 26 spell levels left.
You didn't know any spells.
Your spell library contained the following spells:

 Spells                   Type           Power      Damage    Failure   Level
 Foxfire                  Conj/Fire      0%         2x1d4     80%         1
 Kiss of Death            Conj/Necr      0%         2d5       80%         1
 Necrotise                Necr           0%         1d4       80%         1
 Mercury Vapours          Alch/Air       0%         N/A       90%         2
 Static Discharge         Conj/Air       0%         3-3/arc   90%         2
 Inner Flame              Hex/Fire       0%         N/A       99%         3
 Airstrike                Air            0%         2d(0-16)  100%        4
 Animate Dead             Necr           0%         N/A       100%        4
 Fulminant Prism          Conj/Alch      0%         3d5       100%        4
 Leda's Liquefaction      Alch/Erth      0%         N/A       100%        4
 Petrify                  Alch/Erth      0%         N/A       100%        4
 Summon Lightning Spire   Summ/Air       0%         N/A       100%        4
 Borgnjor's Vile Clutch   Necr/Erth      0%         N/A       100%        5
 Metabolic Englaciation   Hex/Ice        0%         N/A       100%        5
 Death Channel            Necr           0%         N/A       100%        6
 Starburst                Conj/Fire      0%         6d3       100%        6


Dungeon Overview and Level Annotations

Branches:
Dungeon (15/15)            Temple (0/1) D:5            Lair (5/5) D:11
 Shoals (4/4) Lair:3        Snake (4/4) Lair:2        Slime (5/5) Lair:4
    Orc (2/2) D:11            Elf (1/3) Orc:2        Vaults (5/5) D:14
  Crypt (0/3) Vaults:3     Depths (4/4) D:15           Hell (visited)
    Dis (0/7) Hell            Geh (0/7) Hell            Coc (0/7) Hell
    Tar (0/7) Hell            Zot (5/5) Depths:4     Bailey (visited)
  IceCv (visited)          WizLab (visited)         Desolation (visited)

Altars:
Ashenzari
Cheibriados
Dithmenos
Gozag
Okawaru
Qazlal
Ru
Sif Muna
Trog
Vehumet
Yredelemnul
Zin
Beogh
Jiyva

Shops:
D:3 (   D:8 :=   D:9 *   Orc:2 (*:[[   Elf:1 *   Shoals:1 [!   Shoals:2 *
Snake:3 (*[(   Snake:4 (   Vaults:3 **   Vaults:5 ?!?!?   Depths:2 *
Depths:4 !

Portals:
Hell: Depths:1 Depths:2 Depths:3 Depths:4
Abyss: Vaults:3 Depths:3
Pandemonium: Depths:2 Depths:3 Depths:4
Ziggurat: Depths:2

Annotations:
D:10 1 runed translucent door


Innate Abilities, Weirdness & Mutations

You can wield a second weapon in your off-hand.
It takes a long time for you to wield or remove held weapons.
Your first few attacks do less damage.
You cannot equip rings or amulets.
You have very sharp teeth.
You have a pair of small horns on your head.
You are very clumsy. (Dex -4)
You are dopey. (Int -2)
You are robust. (+10% HP)


Message History

You burn the great orb of eyes.
You slice the great orb of eyes with the +5 broad axe of the Lusting Firefly!!
You burn the great orb of eyes.
You kill the great orb of eyes!
Trog accepts your kill.
There is an open door here.
There is a stone staircase leading up here.
You start resting.
A large abomination comes into view.
A large abomination is nearby!
You fly upwards.
There is a stone staircase leading down here.
What level of the Dungeon? (default 1, ? - help) You're already here!
Aiming: Dig
Press: ? - help, Shift-Dir - straight line A rock wall.
This square is covered in magical glow.
The rock shatters into small pieces.
A rakshasa and a ball python come into view.
The ball python hisses angrily.
You see here a +0 chain mail.
The rakshasa barely misses you.
You slice the rakshasa with the +5 broad axe of the Lusting Firefly!!
You burn the rakshasa! Your bite misses the rakshasa.
The rakshasa is severely wounded.
You slash the rakshasa with the +11 Singing Sword!
The injured rakshasa weaves a defensive illusion!
You slice the rakshasa with the +11 Singing Sword!!
You kill the rakshasa!
Trog accepts your kill.
The rakshasa shimmers and vanishes! x2
You hit the ball python with the +5 broad axe of the Lusting Firefly.
You burn the ball python.
You kill the ball python!
Trog accepts your kill.
You see here a frilled lizard skeleton.
There is a staircase leading out of the dungeon here.
You can't go down here!
You have escaped!

#.# #.....####..# #.##
###...# #..#
#..###########....## #.##
##.................###.#
##..##########........#
#..# #...####.# ##.# #...#
#.## ###..######
########..##
..........#####.@........#
................>.########
####......#########
#......# #......# ########


There were no monsters in sight!

Vanquished Creatures
  the Royal Jelly (Slime:5)
  Dissolution (Slime:5)
  A seraph (D:7)
  4 dread liches (Zot:5)
  2 orbs of fire (Zot:5)
  5 pandemonium lords
  Saint Roka (Snake:4)
  Parghit (Zot:2)
  9 Killer Klowns
  3 caustic shrikes (Depths:3)
  4 curse toes
  Nikola (Elf:1)
  The ghost of Harhicoo the Slayer, an adept MiBe of Trog (Vaults:3)
  13 golden dragons
  Geryon (Hell)
  A mutant beast (WizLab)
  2 bone dragons (Depths:4)
  Jory (Vaults:5)
  A Tzitzimitl (Depths:2)
  3 electric golems
  A Brimstone Fiend (Depths:1)
  3 Ice Fiends
  14 tentacled monstrosities
  Jorgrun (Snake:1)
  A hellephant (Vaults:3)
  A shard shrike skeleton (Hell)
  Mlioglotl (Snake:2)
  A Hell Sentinel (Zot:1)
  6 liches
  Zenata (Vaults:3)
  Asterion (Snake:3)
  3 titans (Vaults:5)
  13 death cobs
  Polyphemus (Shoals:2)
  5 sphinxes
  A tentacled starspawn (Vaults:3)
  33 Orb Guardians
  A kraken (Shoals:4)
  5 quicksilver dragons
  26 acid blobs
  5 tengu reavers
  Aizul (Snake:3)
  2 ancient champions
  12 storm dragons
  8 draconian monks
  9 shadow dragons
  A daeva (Vaults:3)
  7 rockslimes
  6 nagarajas (Snake:4)
  8 fire giants
  6 protean progenitors
  8 draconian knights
  9 vault wardens
  13 frost giants
  An imperial myrmidon (Desolation)
  Louise (Snake:1)
  2 ghost moths
  5 azure jellies
  The ghost of hikkokomori the Basher, a journeyman CoBe of Trog (Lair:3)
  8 draconian shifters
  2 angels (D:7)
  9 draconian scorchers
  14 draconian stormcallers
  3 iron dragons
  2 orc warlords (Orc:2)
  2 cacodemons
  7 spriggan defenders
  9 draconian annihilators
  A broodmother (shapeshifter) (Vaults:5)
  A juggernaut zombie (Depths:1)
  11 reapers (Hell)
  9 stone giants
  9 ironbound preservers
  5 formless jellyfish
  6 vampire knights
  7 quicksilver oozes
  30 very ugly things
  A juggernaut skeleton (Hell)
  6 ironbound thunderhulks
  12 green draconians
  11 black draconians
  2 deep elf demonologists
  2 deep elf annihilators
  16 purple draconians
  31 yellow draconians
  10 red draconians
  5 war gargoyles
  7 white draconians
  2 halazid warlocks (Desolation)
  Azrael (D:14)
  A dire elephant (Vaults:1)
  2 lorocyprocas (Depths:4)
  11 ettins
  4 blizzard demons
  3 merfolk javelineers
  Snorg (Lair:4)
  2 green deaths
  2 entropy weavers (shapeshifter) (D:15)
  5 crystal guardians
  Josephine (Orc:2)
  9 fire dragons
  2 deep elf high priests (Vaults:5)
  9 yaktaur captains
  4 rakshasas
  3 entropy weavers (Vaults:5)
  8 great orbs of eyes
  7 ragged hierophants (Desolation)
  Erolcha (D:9)
  7 merfolk impalers
  8 peacekeepers
  9 ice dragons
  30 vault guards
  A salamander tyrant (Snake:2)
  4 hydras
  5 servants of whispers (Desolation)
  7 merfolk avatars
  9 radroaches
  10 centaur warriors
  A hell beast (Hell)
  6 two-headed ogres
  11 anacondas
  6 spriggan air magi
  5 death yaks
  7 catoblepae
  4 ironbound frosthearts
  An anaconda (shapeshifter) (WizLab)
  3 merfolk aquamancers
  2 death knights (Vaults:3)
  6 dancing weapons
  A two-headed ogre (shapeshifter) (WizLab)
  11 boulder beetles
  An ogre mage (Vaults:5)
  11 deep troll earth magi
  7 deep troll shamans
  4 hell hogs
  An occultist (Depths:1)
  3 orc high priests
  6 spriggan berserkers
  13 naga warriors
  8 tengu warriors
  4 thrashing horrors
  2 demonic crawlers (Hell)
  7 naga sharpshooters
  7 deep elf knights (Elf:1)
  10 shock serpents
  7 sun demons
  9 soul eaters
  Nergalle (Orc:2)
  4 sixfirhies
  10 iron trolls
  Sonja (D:12)
  18 hell knights
  3 skeletal warriors
  2 skysharks (shapeshifter) (WizLab)
  2 wretched stars
  32 deep trolls
  5 skysharks
  A salamander mystic (Snake:4)
  3 spriggan druids (Depths:2)
  A swamp dragon (Lair:5)
  A mana viper (shapeshifter) (WizLab)
  A glowing orange brain (Vaults:3)
  13 sea snakes
  3 flayed ghosts
  4 deep trolls (shapeshifter)
  An orb spider (shapeshifter) (Vaults:5)
  12 ironbound convokers
  An orange crystal statue (Shoals:3)
  9 lindwurms
  11 mana vipers
  3 steelbarb worms (Zot:3)
  4 arcanists
  A kraken simulacrum (Shoals:3)
  7 naga ritualists
  Pikel (D:7)
  A deep elf archer (Elf:1)
  8 harpies
  13 deep elf pyromancers
  3 orc knights
  8 large abominations
  A thermic dynamo (Elf:1)
  A sphinx simulacrum (Depths:1)
  14 deep elf zephyrmancers (Elf:1)
  16 necromancers
  A harpy (shapeshifter) (D:14)
  4 oklob plants (Zot:4)
  5 starcursed masses (Abyss:1)
  A sea snake (shapeshifter) (WizLab)
  A fire giant zombie (Depths:1)
  A cyclops (shapeshifter) (WizLab)
  A faun (shapeshifter) (Vaults:5)
  8 phantasmal warriors
  2 orc sorcerers (Orc:2)
  A shining eye (shapeshifter) (WizLab)
  30 moths of wrath
  2 frost giant zombies (Depths:1)
  A glowing shapeshifter (WizLab)
  15 manticores
  11 salamanders
  A manticore (shapeshifter) (WizLab)
  7 shining eyes
  6 fauns (Shoals:3)
  8 cyclopes
  4 meliai
  A moth of wrath (shapeshifter) (WizLab)
  62 ugly things
  3 ice statues (IceCv)
  A frost giant skeleton (Depths:1)
  6 kobold blastminers
  10 merfolk sirens
  4 guardian serpents
  6 smoke demons
  A water nymph (shapeshifter) (WizLab)
  5 water nymphs
  43 black mambas
  8 rust devils
  16 naga magi
  2 molten gargoyles (Desolation)
  2 eyes of devastation (Slime:5)
  A centaur skeleton (Abyss:1)
  18 vault sentinels
  11 cane toads
  3 hellions
  2 gargoyles
  3 spriggan zombies
  6 freezing wraiths
  11 komodo dragons
  7 rime drakes
  2 tormentors
  4 ice devils
  4 unseen horrors (D:11)
  14 yaktaurs
  4 tengu conjurers
  A komodo dragon (shapeshifter) (WizLab)
  A yaktaur (shapeshifter) (WizLab)
  3 red devils
  A merfolk (shapeshifter) (WizLab)
  30 merfolk
  A hellwing (D:11)
  A polar bear (shapeshifter) (D:15)
  A queen bee (shapeshifter) (Elf:1)
  Prince Ribbit (Bailey)
  9 trolls
  5 raiju
  8 wind drakes
  12 polar bears
  A tarantella (shapeshifter) (WizLab)
  8 glass eyes
  27 hornets
  2 snapping turtles (shapeshifter) (WizLab)
  A dream sheep (shapeshifter) (WizLab)
  37 saltlings (Desolation)
  3 dream sheep (Shoals:3)
  8 snapping turtles
  A stone giant simulacrum (Hell)
  A raiju (shapeshifter) (Vaults:3)
  12 blink frogs
  A frost giant simulacrum (Depths:1)
  A ynoxinul (Abyss:1)
  84 slime creatures
  A vampire (D:14)
  3 shadows
  4 air elementals (Elf:1)
  A spriggan (shapeshifter) (D:13)
  12 water elementals
  A spriggan skeleton (Depths:1)
  31 spriggans
  A culicivora (shapeshifter) (D:15)
  2 wyverns
  50 yaks
  9 wraiths
  12 golden eyes
  An alligator snapping turtle simulacrum (Shoals:3)
  7 basilisks
  A neqoxec (D:13)
  7 death yak simulacra
  3 redbacks (shapeshifter)
  3 steam dragons
  2 fire elementals (D:14)
  9 wargs
  An iron golem (WizLab)
  2 vampire mosquitoes (D:13)
  9 humans
  3 chaos spawn
  A sea snake simulacrum (Shoals:3)
  57 nagas
  8 acid dragons
  2 harpy simulacra (Shoals:3)
  11 small abominations
  3 hydra simulacra (IceCv)
  10 water moccasins
  27 hell hounds
  A naga skeleton (Abyss:1)
  2 sky beasts (D:7)
  12 black bears
  A sky beast (shapeshifter) (WizLab)
  31 orc warriors
  3 swamp drakes (Lair:5)
  A laughing skull (D:11)
  7 ogres
  18 wolves (Lair:5)
  4 boggarts (D:14)
  16 centaurs
  2 lemures (D:7)
  2 phantoms
  A kobold brigand (D:8)
  18 bullfrogs
  9 scorpions
  2 wyvern zombies (D:8)
  A brain worm (shapeshifter) (WizLab)
  A brain worm (Orc:2)
  3 gnoll sergeants
  2 faun simulacra (Shoals:3)
  4 merfolk simulacra (Shoals:3)
  An earth elemental (Elf:1)
  An elephant simulacrum (IceCv)
  A manticore simulacrum (Shoals:3)
  A snapping turtle simulacrum (Shoals:3)
  10 killer bees
  7 howler monkeys
  2 electric eels
  A bombardier beetle (D:5)
  4 centaur zombies (D:8)
  7 hounds
  33 jellies
  15 orc priests
  4 cyclops simulacra (Shoals:3)
  3 sleepcaps
  Jessica (D:2)
  10 iguanas
  31 orc wizards
  A wolf simulacrum (IceCv)
  A centaur simulacrum (Shoals:3)
  2 howler monkey zombies (D:8)
  18 gnolls
  6 adders
  2 shadow imps (D:7)
  4 white imps
  2 ribbon worms (D:5)
  3 dart slugs
  84 orcs
  9 ball pythons
  7 endoplasms
  6 giant cockroaches
  7 goblins
  2 hobgoblins
  8 quokkas
  9 bats
  7 frilled lizards
  15 kobolds
  3 rats
  2 aspiring fleshes (Zot:3)
  4 butterflies (D:10)
  12 spectral weapons
  5 tentacles (Shoals:4)
2487 creatures vanquished.

Vanquished Creatures (collateral kills)
  A tentacled monstrosity (Vaults:5)
  A draconian shifter (Zot:4)
  A hydra (Lair:2)
  A two-headed ogre (D:12)
  A boulder beetle (D:12)
  A naga warrior (Snake:4)
  An orc knight (Orc:2)
  A deep elf pyromancer (D:12)
  A naga (Snake:4)
  7 orc warriors (Orc:2)
  3 orc priests (Orc:2)
  2 orc wizards (Orc:2)
21 creatures vanquished.

Vanquished Creatures (others)
  A draconian annihilator (Zot:4)
  An ironbound preserver (Vaults:5)
  A yellow draconian (Zot:4)
  2 orc knights
  A harpy (Shoals:3)
  A merfolk siren (Shoals:3)
  A saltling (Desolation)
  A neqoxec (D:8)
  An acid dragon (Zot:1)
  An orc warrior (Orc:2)
  An orc wizard (D:13)
  4 spectral weapons
  6 tentacles
22 creatures vanquished.

Grand Total: 2530 creatures vanquished

Notes
Turn   | Place    | Note
-------+----------+-------------------------------------------
     0 | D:1      | hikkokomori the Coglin Berserker began the quest for the
                  | Orb.
     0 | D:1      | Reached XP level 1. HP: 18/18 MP: 1/1
    63 | D:1      | Reached XP level 2. HP: 19/24 MP: 2/2
   624 | D:2      | Reached XP level 3. HP: 23/30 MP: 3/3
   800 | D:2      | Noticed Jessica
   810 | D:2      | Killed Jessica
   810 | D:2      | Reached ** piety under Trog
   811 | D:2      | Reached XP level 4. HP: 25/37 MP: 4/4
  1419 | D:3      | Found Aceozue's Weapon Shoppe.
  1574 | D:3      | Found a shadowy altar of Dithmenos.
  1803 | D:3      | Reached XP level 5. HP: 43/43 MP: 5/5
  2098 | D:3      | Found a faded altar of an unknown god.
  2200 | D:3      | Reached *** piety under Trog
  2524 | D:4      | Found an iron altar of Okawaru.
  3029 | D:5      | Entered Level 5 of the Dungeon
  3045 | D:5      | Noticed an ogre
  3050 | D:5      | Killed an ogre
  3051 | D:5      | Reached skill level 5 in Fighting
  3051 | D:5      | Reached skill level 5 in Axes
  3051 | D:5      | Reached XP level 6. HP: 51/51 MP: 6/6
  3082 | D:5      | Noticed a yak
  3082 | D:5      | Noticed a yak
  3082 | D:5      | Noticed a yak
  3082 | D:5      | Noticed a yak
  3082 | D:5      | Noticed a yak
  3082 | D:5      | Noticed a yak
  3099 | D:5      | Killed a yak
  3100 | D:5      | Reached XP level 7. HP: 35/57 MP: 7/7
  3102 | D:5      | Killed a yak
  3108 | D:5      | Killed a yak
  3116 | D:5      | Killed a yak
  3117 | D:5      | Reached XP level 8. HP: 34/67 MP: 8/8
  3327 | D:5      | Found a radiant altar of Vehumet.
  3365 | D:5      | Found a staircase to the Ecumenical Temple.
  3509 | D:5      | Killed a yak
  3509 | D:5      | Killed a yak
  3510 | D:5      | Reached skill level 1 in Throwing
  3940 | D:5      | Reached XP level 9. HP: 54/74 MP: 9/9
  4620 | D:6      | Found a glowing silver altar of Zin.
  4676 | D:6      | Identified the +1 pair of gloves of Zeoffase {rF+ rC+}
  4781 | D:6      | Noticed a troll
  4790 | D:6      | Killed a troll
  4895 | D:6      | Found a bloodstained altar of Trog.
  4986 | D:6      | Noticed a manticore
  4992 | D:6      | Killed a manticore
  5000 | D:6      | Reached XP level 10. HP: 39/83 MP: 10/10
  5662 | D:7      | Noticed Pikel
  5690 | D:7      | Killed Pikel
  5691 | D:7      | Reached skill level 5 in Armour
  5786 | D:7      | Reached **** piety under Trog
  6183 | D:7      | Found a sacrificial altar of Ru.
  6508 | D:8      | Found a basalt altar of Yredelemnul.
  6630 | D:8      | Found a flagged portal.
  6632 | D:8      | Found Vesec's Book Emporium.
  6671 | Bailey   | Entered a bailey
  6731 | Bailey   | Reached skill level 10 in Axes
  6872 | Bailey   | Reached skill level 10 in Fighting
  7061 | Bailey   | Noticed a vault guard
  7090 | Bailey   | Killed a vault guard
  7091 | Bailey   | Reached XP level 11. HP: 47/92 MP: 11/11
  7476 | Bailey   | Noticed Prince Ribbit
  7476 | Bailey   | Noticed a vault guard
  7485 | Bailey   | Killed Prince Ribbit
  7489 | Bailey   | Killed a vault guard
  7490 | Bailey   | Reached skill level 1 in Evocations
  7607 | D:8      | Found a stormy altar of Qazlal.
  7900 | D:8      | Found Pykofreg's Jewellery Shop.
  8136 | D:8      | Identified the +1 robe of the Flying Gods {*Corrode rC+
                  | Dex+3}
  8338 | D:9      | Found a broken altar of Ashenzari.
  8574 | D:9      | Reached ***** piety under Trog
  8703 | D:9      | Noticed Erolcha
  8709 | D:9      | Killed Erolcha
  8793 | D:9      | Identified the +3 ring mail of Eternity {Rampage rPois}
  8815 | D:9      | Found Qaclokko's Assorted Antiques.
  8826 | D:9      | Bought a scroll of identify for 66 gold pieces
  8839 | D:9      | You fall into a shaft and drop 1 floor!
  8839 | D:10     | Entered Level 10 of the Dungeon
  9132 | D:10     | Found a shimmering blue altar of Sif Muna.
  9135 | D:10     | Noticed a green ugly thing
  9140 | D:10     | Killed a green ugly thing
  9190 | D:10     | Reached skill level 5 in Evocations
  9238 | D:10     | Found an opulent altar of Gozag.
  9601 | D:10     | Found a runed translucent door.
  9603 | D:10     | Found a runed translucent door.
  9817 | D:11     | Reached XP level 12. HP: 95/100 MP: 12/12
  9833 | D:11     | Noticed a two-headed ogre
  9844 | D:11     | Killed a two-headed ogre
  9943 | D:11     | Noticed a centaur warrior
  9953 | D:11     | Killed a centaur warrior
 10284 | D:11     | Noticed a two-headed ogre
 10290 | D:11     | Killed a two-headed ogre
 10291 | D:11     | Reached skill level 1 in Long Blades
 10297 | D:11     | Reached skill level 2 in Long Blades
 10395 | D:11     | Found a bloodstained altar of Trog.
 10404 | D:11     | Reached skill level 3 in Long Blades
 10405 | D:11     | Noticed an eight-headed hydra
 10522 | D:11     | Found a staircase to the Orcish Mines.
 10529 | Orc:1    | Entered Level 1 of the Orcish Mines
 10567 | Orc:1    | Noticed an orc high priest
 10578 | Orc:1    | Killed an orc high priest
 10579 | Orc:1    | Reached skill level 4 in Long Blades
 10916 | Orc:1    | Received a gift from Trog
 10917 | Orc:1    | Reached skill level 10 in Evocations
 11163 | D:11     | Found a staircase to the Lair.
 11187 | D:11     | Reached skill level 5 in Long Blades
 11268 | D:11     | Killed an eight-headed hydra
 11273 | D:11     | Noticed a boulder beetle
 11470 | D:11     | Killed a boulder beetle
 11471 | D:11     | Reached skill level 6 in Long Blades
 11471 | D:11     | Reached XP level 13. HP: 104/106 MP: 13/13
 12345 | Lair:1   | Entered Level 1 of the Lair of Beasts
 12432 | Lair:1   | Reached skill level 7 in Long Blades
 13029 | Lair:1   | Reached skill level 8 in Long Blades
 13575 | Lair:2   | Found a frozen archway.
 13585 | IceCv    | Entered an ice cave
 13599 | IceCv    | Reached skill level 9 in Long Blades
 14152 | Lair:2   | HP: 5/106 [13-headed hydra (7)]
 14443 | Lair:2   | Reached skill level 10 in Long Blades
 14661 | Lair:2   | Received a gift from Trog
 14884 | Lair:2   | Found a staircase to the Snake Pit.
 15230 | Lair:2   | Reached skill level 11 in Long Blades
 15595 | Lair:3   | Found a snail-covered altar of Cheibriados.
 15814 | Lair:3   | Reached XP level 14. HP: 113/113 MP: 14/14
 15814 | Lair:3   | Acquired a NW-80 turboscope {RevParry, rPois rCorr Slay+3}
 16112 | Lair:3   | Found a staircase to the Shoals.
 16357 | Lair:3   | Reached skill level 12 in Long Blades
 16393 | Lair:3   | Found a transporter.
 16413 | Lair:3   | Noticed hikkokomori's ghost (journeyman CoBe)
 16671 | Lair:3   | Found a transporter.
 16677 | Lair:3   | Found a bloodstained altar of Trog.
 16686 | Lair:3   | Killed hikkokomori's ghost
 16696 | Lair:3   | Reached skill level 13 in Long Blades
 17403 | Lair:4   | Noticed Snorg
 17409 | Lair:4   | Killed Snorg
 17520 | Lair:4   | Found a staircase to the Slime Pits.
 18194 | Lair:5   | Entered Level 5 of the Lair of Beasts
 18206 | Lair:5   | Identified the +10 chain mail "Xaceips" {-Cast Dex+8 SInv}
 18353 | Lair:5   | Reached skill level 14 in Long Blades
 18521 | Lair:5   | Identified a scroll of acquirement
 18521 | Lair:5   | Acquired a manual of Axes
 18658 | Lair:5   | Received a gift from Trog
 19027 | Lair:5   | Reached XP level 15. HP: 119/119 MP: 15/15
 19130 | Lair:5   | Received a gift from Trog
 19945 | D:12     | Reached skill level 10 in Armour
 20406 | D:12     | Reached skill level 5 in Dodging
 20548 | D:12     | Noticed Sonja
 20559 | Abyss:1  | Cast into level 1 of the Abyss (Sonja)
 20754 | Abyss:1  | Noticed a cacodemon
 20761 | Abyss:1  | Killed a cacodemon
 20883 | D:12     | Escaped the Abyss
 20886 | D:12     | Killed Sonja
 21335 | D:13     | Reached XP level 16. HP: 114/129 MP: 16/16
 21339 | D:13     | Received a gift from Trog
 21983 | Orc:2    | Entered Level 2 of the Orcish Mines
 21983 | Orc:2    | Found Qaupteti's Antique Armour Emporium.
 22154 | Orc:2    | Noticed Nergalle
 22160 | Orc:2    | Killed Nergalle
 22161 | Orc:2    | Found a roughly hewn altar of Beogh.
 22169 | Orc:2    | Reached skill level 15 in Evocations
 22173 | Orc:2    | Found Bimoewk's Book Shop.
 22308 | Orc:2    | Noticed Maurice
 22311 | Orc:2    | Maurice changed into Maurice the brain worm
 22311 | Orc:2    | Noticed Maurice
 22314 | Orc:2    | Killed Maurice the brain worm
 22333 | Orc:2    | Found a staircase to the Elven Halls.
 22427 | Orc:2    | Found Xon Dug's Antique Armour Shop.
 22479 | Orc:2    | Reached skill level 15 in Axes
 22484 | Orc:2    | Noticed Josephine
 22505 | Orc:2    | Received a gift from Trog
 22507 | Orc:2    | Killed Josephine
 22507 | Orc:2    | Reached ****** piety under Trog
 23200 | Orc:2    | Found Ywneimou's General Store.
 23206 | Orc:2    | Bought a potion of curing for 45 gold pieces
 23206 | Orc:2    | Bought a scroll of teleportation for 45 gold pieces
 23215 | Orc:2    | Found Kuclalo's Antique Weapon Shop.
 23609 | D:8      | Bought a manual of Long Blades for 960 gold pieces
 24768 | D:14     | Found a gate to the Vaults.
 24855 | D:14     | Identified the +1 spear of Conflict {freeze, Will++}
 24980 | D:14     | Noticed Azrael
 24984 | D:14     | Killed Azrael
 24984 | D:14     | Received a gift from Trog
 25161 | D:15     | Entered Level 15 of the Dungeon
 25275 | D:15     | Reached skill level 15 in Long Blades
 25400 | D:15     | Found a staircase to the Depths.
 26193 | Snake:1  | Entered Level 1 of the Snake Pit
 26193 | Snake:1  | Noticed Jorgrun
 26199 | Snake:1  | Killed Jorgrun
 26210 | Snake:1  | Reached XP level 17. HP: 123/135 MP: 17/17
 26279 | Snake:1  | Reached skill level 16 in Long Blades
 26404 | Snake:1  | Received a gift from Trog
 26575 | Snake:1  | Noticed Louise
 26589 | Snake:1  | Killed Louise
 27492 | Snake:2  | Reached skill level 17 in Long Blades
 27805 | Snake:2  | Noticed Mlioglotl
 27818 | Snake:2  | Killed Mlioglotl
 27819 | Snake:2  | Reached skill level 10 in Dodging
 28420 | Snake:2  | You fall into a shaft and drop 1 floor!
 28898 | Snake:3  | Identified the +0 kite shield of Nowubor {rC- rCorr Int+2}
 28898 | Snake:3  | Noticed Asterion
 28907 | Snake:3  | Killed Asterion
 28935 | Snake:3  | Found Byesto's Weapon Shop.
 28938 | Snake:3  | Found Neig's Antique Armour Shop.
 28938 | Snake:3  | Found Sibutz's Assorted Antiques.
 28941 | Snake:3  | Found Zumeic's Antique Weapon Boutique.
 29009 | Snake:3  | Bought a potion of ambrosia for 248 gold pieces
 29009 | Snake:3  | Bought a potion of curing for 93 gold pieces
 29012 | Snake:3  | Bought a brightly glowing war axe for 306 gold pieces
 29012 | Snake:3  | Identified the +8 war axe "Lauw" {freeze, rN+++ Str+2 Dex-3
                  | Stlth+} (You bought it in a shop on level 3 of the Snake
                  | Pit)
 29062 | Snake:3  | Identified the serpent talisman of Refuge {Str-3 Int+2
                  | Dex+4}
 29062 | Snake:3  | Noticed Aizul
 29074 | Snake:3  | Killed Aizul
 29697 | Snake:4  | Entered Level 4 of the Snake Pit
 29713 | Snake:4  | Received a gift from Trog
 29744 | Snake:4  | Reached XP level 18. HP: 73/142 MP: 18/18
 29749 | Snake:4  | Reached skill level 18 in Long Blades
 31395 | Snake:4  | Found Noghil's Weapon Boutique.
 31658 | Snake:4  | Bought a throwing net for 54 gold pieces
 31707 | Snake:4  | Noticed Saint Roka
 31718 | Snake:4  | Killed Saint Roka
 31970 | Snake:4  | Got a serpentine rune of Zot
 32692 | Shoals:1 | Entered Level 1 of the Shoals
 32859 | Elf:1    | Entered Level 1 of the Elven Halls
 33093 | Elf:1    | Reached skill level 19 in Long Blades
 33203 | Elf:1    | Paralysed by an air elemental for 1 turns
 33570 | Elf:1    | Noticed Nikola
 33579 | Elf:1    | Killed Nikola
 33735 | Elf:1    | Paralysed by an air elemental for 1 turns
 33832 | Elf:1    | Reached skill level 1 in Stealth
 33842 | Elf:1    | Received a gift from Trog
 33892 | Elf:1    | Found Fiema's General Store.
 34286 | Elf:1    | Paralysed by an air elemental for 1 turns
 35000 | Shoals:1 | Reached XP level 19. HP: 152/152 MP: 19/19
 35078 | Shoals:1 | Identified the +0 rapier of the Eleven Spines {drain, rF+
                  | Int+3}
 35084 | Shoals:1 | Found Naojuixt's Distillery.
 35091 | Shoals:1 | Bought a potion of haste for 150 gold pieces
 35091 | Shoals:1 | Bought a potion of invisibility for 120 gold pieces
 35091 | Shoals:1 | Bought a potion of curing for 45 gold pieces
 35091 | Shoals:1 | Bought a potion of curing for 45 gold pieces
 35453 | Shoals:1 | Reached XP level 20. HP: 149/159 MP: 20/20
 35532 | Shoals:1 | Found Adud's Armour Emporium.
 35801 | Shoals:2 | Found Cuvaon's General Store.
 36012 | Shoals:2 | Noticed Polyphemus
 36023 | Shoals:2 | Killed Polyphemus
 36025 | Shoals:2 | Received a gift from Trog
 36379 | Shoals:3 | Found a transporter.
 36398 | Shoals:3 | Found a transporter.
 36953 | Shoals:3 | Found a runed translucent gate.
 36954 | Shoals:3 | Found a runed translucent gate.
 36955 | Shoals:3 | Found a runed translucent gate.
 37437 | Shoals:4 | Entered Level 4 of the Shoals
 37496 | Shoals:3 | Received a gift from Trog
 37520 | Shoals:3 | Identified the +6 rapier "Spiderbane" {freeze, rElec rN+}
 37550 | Shoals:3 | Identified the amulet "Turaor" {Rampage ^Drain rF+ Regen+
                  | Str+4}
 38305 | Shoals:4 | Identified the +11 arbalest "Orb Guardian's Peril" {penet,
                  | +Blink Int-5 Dex+5}
 39005 | Shoals:4 | Identified the +10 battleaxe of Pandemonium {spect, rElec
                  | Str+6 SInv Stlth-}
 39405 | Shoals:4 | Identified the staff of the Tired Blessings {rPois rC+ rN+
                  | Will- Int+8 Ice}
 39466 | Shoals:4 | Received a gift from Trog
 39496 | Shoals:4 | Got a barnacled rune of Zot
 39881 | Vaults:1 | Entered Level 1 of the Vaults
 40233 | Vaults:1 | Paralysed by a formless jellyfish for 1 turns
 41244 | Vaults:2 | Reached XP level 21. HP: 149/165 MP: 21/21
 41580 | Vaults:2 | Identified the +0 shortbow of Edootz {speed, Int+4 SInv}
 41977 | Vaults:2 | Received a gift from Trog
 41980 | Vaults:2 | You fall into a shaft and drop 1 floor!
 41980 | Vaults:3 | Found Qooqokh's Assorted Antiques.
 41986 | Vaults:3 | Bought a potion of heal wounds for 185 gold pieces
 41991 | Vaults:3 | Found a runed translucent door.
 42033 | Vaults:3 | Noticed Zenata
 42045 | Vaults:3 | Killed Zenata
 42372 | Vaults:3 | Found a staircase to the Crypt.
 42464 | Vaults:3 | Found Jomadinn's Assorted Antiques.
 42487 | Vaults:3 | Found a transporter.
 42488 | Vaults:3 | Found a transporter.
 42593 | Vaults:3 | Noticed Harhicoo's ghost (adept MiBe)
 42719 | Vaults:3 | Found a one-way gate to the infinite horrors of the Abyss.
 43420 | Vaults:3 | Reached skill level 15 in Fighting
 43536 | Vaults:3 | Received a gift from Trog
 43539 | Vaults:3 | Killed Harhicoo's ghost
 43545 | Vaults:3 | Reached skill level 20 in Long Blades
 44233 | Vaults:4 | Identified the ring "Jeoz" {rCorr Int+5}
 44420 | Vaults:4 | Found a crumbling gateway.
 44436 | Desolati | Entered the Desolation of Salt
 44444 | Desolati | Received a gift from Trog
 44604 | Desolati | Reached XP level 22. HP: 104/178 MP: 22/22
 44611 | Desolati | HP: 5/178 [peacekeeper (14)]
 44998 | Desolati | Received a gift from Trog
 45000 | Desolati | Reached skill level 21 in Long Blades
 45045 | Desolati | Got the Anthology of the Torrid Magnum Opus
 45212 | Desolati | Identified the ring "Ynureril" {Str+6 Dex+3}
 46221 | Vaults:5 | Entered Level 5 of the Vaults
 46235 | Vaults:5 | Reached skill level 15 in Dodging
 46235 | Vaults:5 | Identified the +4 war axe of Collusion {heavy, rPois rF+}
                  | (Trog gifted it to you on level 5 of the Vaults)
 46235 | Vaults:5 | Received a gift from Trog
 46267 | Vaults:5 | Reached skill level 22 in Long Blades
 46277 | Vaults:5 | Noticed a golden dragon
 46294 | Vaults:5 | Killed a golden dragon
 46484 | Vaults:5 | Noticed Jory
 46495 | Vaults:5 | Killed Jory
 46668 | Vaults:5 | HP: 8/182 [tengu reaver/+1 long sword of electrocution
                  | (13)]
 47359 | Vaults:5 | Paralysed by a sphinx for 4 turns
 47408 | Vaults:5 | Noticed a golden dragon
 47409 | Vaults:5 | Noticed a golden dragon
 47414 | Vaults:5 | Killed a golden dragon
 47420 | Vaults:5 | Killed a golden dragon
 47442 | Vaults:5 | Reached skill level 23 in Long Blades
 47674 | Vaults:5 | Reached XP level 23. HP: 149/190 MP: 23/23
 47882 | Vaults:5 | Found Cedd's Magic Scroll Emporium.
 47882 | Vaults:5 | Found Qutu's Distillery.
 48120 | Vaults:5 | Found Henude's Magic Scroll Shoppe.
 48120 | Vaults:5 | Found Wynube's Distillery.
 48131 | Vaults:5 | Found Jera's Magic Scroll Emporium.
 48601 | Vaults:5 | Got a silver rune of Zot
 48605 | Vaults:5 | Identified the +5 broad axe of the Lusting Firefly {flame,
                  | rElec Str+3}
 48690 | Vaults:5 | Received a gift from Trog
 48777 | Vaults:5 | Bought a potion of might for 92 gold pieces
 48777 | Vaults:5 | Bought a potion of heal wounds for 115 gold pieces
 48777 | Vaults:5 | Bought a potion of might for 92 gold pieces
 48777 | Vaults:5 | Bought a potion of ambrosia for 184 gold pieces
 48777 | Vaults:5 | Bought a potion of curing for 69 gold pieces
 48777 | Vaults:5 | Bought a potion of haste for 230 gold pieces
 48777 | Vaults:5 | Bought a potion of might for 92 gold pieces
 48784 | Vaults:5 | Bought a scroll of enchant armour for 112 gold pieces
 48784 | Vaults:5 | Bought a scroll of revelation for 112 gold pieces
 48784 | Vaults:5 | Bought a scroll of fog for 60 gold pieces
 48784 | Vaults:5 | Bought a scroll of enchant armour for 112 gold pieces
 48804 | Vaults:5 | Bought a potion of cancellation for 120 gold pieces
 48804 | Vaults:5 | Bought 2 potions of mutation for 240 gold pieces
 48804 | Vaults:5 | Bought a potion of curing for 45 gold pieces
 48827 | Vaults:5 | Bought a scroll of revelation for 120 gold pieces
 48827 | Vaults:5 | Bought a scroll of enchant weapon for 120 gold pieces
 48827 | Vaults:5 | Bought a scroll of teleportation for 48 gold pieces
 48827 | Vaults:5 | Bought a scroll of enchant weapon for 120 gold pieces
 49103 | Slime:1  | Entered Level 1 of the Pits of Slime
 49341 | Slime:2  | Gained mutation: Armour fits poorly on your strangely
                  | shaped body. [a shining eye]
 49437 | Slime:4  | Received a gift from Trog
 49498 | Slime:4  | Lost mutation: Armour fits poorly on your strangely shaped
                  | body. [potion of mutation]
 49498 | Slime:4  | Gained mutation: You have very sharp teeth. [potion of
                  | mutation]
 49498 | Slime:4  | Gained mutation: Your mind is acute. (Int +4, Str/Dex -1)
                  | [potion of mutation]
 49498 | Slime:4  | Gained mutation: You are somewhat resistant to further
                  | mutation. [potion of mutation]
 49504 | Slime:5  | Entered Level 5 of the Pits of Slime
 49628 | Slime:5  | Found the +4 robe of Folly {Brill Will-∞ Int+8}
 49660 | Slime:5  | Noticed the Royal Jelly
 49667 | Slime:5  | Found a viscous altar of Jiyva.
 49820 | Slime:5  | Gained mutation: Your body sometimes deteriorates upon
                  | taking damage. [a shining eye]
 49985 | Slime:5  | Killed the Royal Jelly
 49997 | Slime:5  | Noticed Dissolution
 50069 | Slime:5  | Killed Dissolution
 50079 | Slime:5  | Gained mutation: Your body often deteriorates upon taking
                  | damage. [a shining eye]
 50436 | Slime:5  | Identified the +6 mace of the Stork {freeze, ^Fragile Will+
                  | Dex+3 Stlth+}
 50694 | Slime:5  | Identified the +8 shortbow "Oleel" {speed, Dex+4}
 50697 | Slime:5  | Got a slimy rune of Zot
 50698 | Slime:5  | Identified the amulet "Udghin" {Acrobat *Slow rPois rN++}
 50716 | Slime:5  | Identified the +3 leather armour of Music {^Contam Rampage
                  | rF++ rN+}
 50967 | Slime:1  | Received a gift from Trog
 51136 | Depths:1 | Entered Level 1 of the Depths
 51137 | Depths:1 | Lost mutation: You are somewhat resistant to further
                  | mutation. [potion of mutation]
 51137 | Depths:1 | Lost mutation: Your body often deteriorates upon taking
                  | damage. [potion of mutation]
 51137 | Depths:1 | Gained mutation: You have a pair of small horns on your
                  | head. [potion of mutation]
 51137 | Depths:1 | Lost mutation: Your mind is acute. (Int +4, Str/Dex -1)
                  | [potion of mutation]
 51137 | Depths:1 | Gained mutation: Your system is resistant to poisons.
                  | (rPois) [potion of mutation]
 51909 | Depths:1 | Identified the +0 leather armour of Wu Jian's Whim {rElec
                  | rN+ Int-3 Stlth+}
 52486 | Depths:1 | Received a gift from Trog
 52627 | Depths:1 | Found a gateway to Hell.
 52822 | Depths:2 | Paralysed by a sphinx for 3 turns
 53516 | Depths:2 | Reached XP level 24. HP: 192/206 MP: 23/23
 53799 | Depths:2 | Reached skill level 24 in Long Blades
 53860 | Depths:2 | Found Imykleg's General Store.
 54237 | Depths:2 | Bought a potion of curing for 42 gold pieces
 54335 | Depths:2 | Found a one-way gate leading to the halls of Pandemonium.
 54418 | Depths:2 | Received a gift from Trog
 54515 | Depths:3 | Found an iron altar of Okawaru.
 54533 | Depths:3 | Reached skill level 5 in Stealth
 54662 | Depths:3 | Found a magical portal.
 54824 | WizLab   | Entered Cigotuvi's Fleshworks
 54953 | WizLab   | Received a gift from Trog
 55012 | WizLab   | Got Cigotuvi's Parchment of Posthumous Argyropoeia
 55091 | WizLab   | Identified the maw talisman of the Sun {rPois rF+}
 55093 | WizLab   | Identified the dragon-blood talisman "Oduezeck" {rElec rC-
                  | Str+3 Dex+3}
 55248 | WizLab   | Gained mutation: You are dopey. (Int -2) [mutagenic glow]
 55339 | WizLab   | Identified the ring "Rufad" {Wiz Will+ Int+3}
 55978 | Depths:2 | Found a one-way gateway to a ziggurat.
 56182 | Depths:3 | Noticed a caustic shrike
 56182 | Depths:3 | Noticed a caustic shrike
 56182 | Depths:3 | Noticed a caustic shrike
 56190 | Depths:3 | Killed a caustic shrike
 56191 | Depths:3 | Killed a caustic shrike
 56192 | Depths:3 | Reached skill level 15 in Armour
 56195 | Depths:3 | Killed a caustic shrike
 56196 | Depths:3 | Received a gift from Trog
 56208 | Depths:3 | Reached XP level 25. HP: 200/216 MP: 23/23
 56480 | Depths:3 | Found the +0 pair of fencer's gloves {Riposte Dex+3}
 56499 | Depths:3 | Reached skill level 25 in Long Blades
 56745 | Depths:3 | Identified the +9 scimitar of Igukuzu {spect, +Blink Int+3}
 56931 | Depths:3 | Identified the +3 scimitar "Cyryd" {heavy, rF++} (Trog
                  | gifted it to you on level 3 of the Depths)
 56931 | Depths:3 | Received a gift from Trog
 57472 | Depths:4 | Entered Level 4 of the Depths
 57606 | Depths:4 | Found a gate to the Realm of Zot.
 57730 | Depths:4 | Found Hovog's Distillery.
 57733 | Depths:4 | Bought a potion of heal wounds for 105 gold pieces
 57733 | Depths:4 | Bought a potion of heal wounds for 105 gold pieces
 57733 | Depths:4 | Bought a potion of curing for 63 gold pieces
 58477 | Hell     | Entered the Vestibule of Hell
 58477 | Hell     | Noticed Geryon
 58648 | Hell     | Killed Geryon
 58815 | Hell     | Received a gift from Trog
 58816 | Hell     | Reached skill level 5 in Throwing
 58830 | Hell     | Reached skill level 26 in Long Blades
 59257 | Hell     | Found a gateway to the decaying netherworld of Tartarus.
 59321 | Hell     | Found a gateway to the ashen valley of Gehenna.
 59383 | Hell     | Reached XP level 26. HP: 224/224 MP: 23/23
 59404 | Hell     | Found a gateway to the Iron City of Dis.
 59477 | Hell     | Found a gateway to the freezing wastes of Cocytus.
 59599 | Zot:1    | Entered Level 1 of the Realm of Zot
 59761 | Zot:1    | Identified the +1 dagger "Kyxeh" {freeze, Str+2 Int+2}
 59816 | Zot:1    | Received a gift from Trog
 60624 | Zot:1    | Identified the +1 rapier of Yhicheg {heavy, rPois Dex+3}
 61325 | Zot:2    | Noticed Parghit
 61336 | Zot:2    | Killed Parghit
 63512 | Zot:3    | Received a gift from Trog
 64503 | Zot:3    | Noticed a Killer Klown
 64518 | Zot:3    | Identified the +3 ring mail of Oblivion {*Corrode rF+
                  | Str+6}
 64523 | Zot:3    | Killed a Killer Klown
 64599 | Zot:3    | Reached XP level 27. HP: 128/231 MP: 23/23
 64636 | Zot:3    | Received a gift from Trog
 65479 | Zot:4    | Reached skill level 27 in Long Blades
 66293 | Zot:4    | Reached skill level 10 in Throwing
 66317 | Zot:4    | Received a gift from Trog
 67835 | Zot:5    | Entered Level 5 of the Realm of Zot
 68141 | Zot:5    | Noticed a dread lich
 68150 | Zot:5    | Killed a dread lich
 68166 | Zot:5    | Noticed a dread lich
 68168 | Zot:5    | Noticed an orb of fire
 68184 | Zot:5    | Killed an orb of fire
 68186 | Zot:5    | Killed a dread lich
 68200 | Zot:5    | Noticed a dread lich
 68209 | Zot:5    | Noticed an orb of fire
 68211 | Zot:5    | Killed a dread lich
 68217 | Zot:5    | Killed an orb of fire
 68222 | Zot:5    | Gained mutation: You are clumsy. (Dex -2) [mutagenic glow]
 68239 | Zot:5    | HP: 9/231 [Orb Guardian (13)]
 68243 | Zot:5    | Received a gift from Trog
 68702 | Zot:4    | Lost mutation: Your body sometimes deteriorates upon taking
                  | damage. [potion of mutation]
 68702 | Zot:4    | Lost mutation: Your system is resistant to poisons. (rPois)
                  | [potion of mutation]
 68702 | Zot:4    | Gained mutation: You are very clumsy. (Dex -4) [potion of
                  | mutation]
 68702 | Zot:4    | Gained mutation: You are robust. (+10% HP) [potion of
                  | mutation]
 69059 | Zot:5    | Noticed a dread lich
 69074 | Zot:5    | Killed a dread lich
 69467 | Zot:5    | Got the Orb of Zot
 69785 | Depths:2 | Noticed Bucu the pandemonium lord
 69791 | Depths:2 | Killed Bucu the pandemonium lord
 69824 | Depths:2 | Noticed Iluwoef the pandemonium lord
 69832 | Depths:2 | Killed Iluwoef the pandemonium lord
 70111 | D:13     | Noticed Romyosog the pandemonium lord
 70125 | D:13     | Killed Romyosog the pandemonium lord
 70313 | D:10     | Noticed Lixol the pandemonium lord
 70322 | D:10     | Received a gift from Trog
 70327 | D:10     | Killed Lixol the pandemonium lord
 70433 | D:8      | Noticed Uniqugaxte the pandemonium lord
 70471 | D:7      | Noticed Xiusiohu the pandemonium lord
 70491 | D:7      | Killed Xiusiohu the pandemonium lord
 70495 | D:7      | Noticed a seraph
 70517 | D:7      | Killed a seraph
 70769 | D:$      | Escaped with the Orb!

Illustrated notes

Levels and vault maps discovered:
D:1:      dpeg_arrival_tiny_a, layout_rooms
D:2:      layout_basic, uniq_jessica
D:3:      minmay_spotlight, layout_rooms, mainiacjoe_overflow_brackets,
          serial_shops, shop, shapermc_ecumenical_altar_pompeii
D:4:      nicolae_cairo_tiling_large, layout_cave_pools,
          mainiacjoe_overflow_alcove_4, serial_glass, glass_columns_c,
          glass_columns_c, minmay_misc_feat_roman, minmay_misc_feat_hallway,
          chequers_decorated_corner, chequers_jeans, grunt_decor_cap,
          glass_columns_a, grunt_decor_resistance
D:5:      kennysheep_windowed_halls, layout_basic, fiery_altar_vehumet,
          minmay_temple_entry_mini_moons
D:6:      layout_cave_pools, mainiacjoe_overflow_paths,
          mainiacjoe_overflow_small_starburst, minmay_manual_mail
D:7:      layout_basic, nicolae_ru_path_of_blood, st_stairs_10, uniq_pikel
D:8:      layout_basic, nicolae_yredelemnul_corpse_copse,
          nicolae_qazlal_eye_of_the_storm, enter_bailey_2, serial_shops, shop,
          shop, nicolae_letterblocks [nicolae_letter_subblock,
          nicolae_letter_subblock, nicolae_letter_subblock,
          nicolae_letter_subblock, nicolae_letter_subblock,
          nicolae_letter_subblock, nicolae_letter_subblock,
          nicolae_letter_subblock, nicolae_letter_subblock,
          nicolae_letter_subblock, nicolae_letter_subblock,
          nicolae_letter_subblock, nicolae_letter_subblock,
          nicolae_letter_subblock, nicolae_letter_subblock,
          nicolae_letter_subblock, nicolae_letter_subblock,
          nicolae_letter_subblock, nicolae_letter_subblock,
          nicolae_letter_subblock, nicolae_letter_subblock,
          nicolae_letter_subblock, nicolae_letter_subblock,
          nicolae_letter_subblock, nicolae_letter_subblock]
D:9:      layout_roguey, ashenzari_altar_1, serial_shops, shop, uniq_erolcha,
          uniq_harold
D:10:     lemuel_insect_pit, layout_cave_pods, mainiacjoe_overflow_chevrons,
          amcnicky_altar_gilded
D:11:     hangedman_cross_cluster, layout_long_grid, chequers_avenue
D:12:     minmay_s_stair_smasher, layout_rooms, uniq_sonja
D:13:     layout_cave_pools
D:14:     layout_basic, david_vaults_4, serial_park_tiny_pond, uniq_azrael
D:15:     hangedman_depths_entry_civil_slaughter, layout_irregular_city,
          nicolae_concentric_dashed_squares_wild
Lair:1:   layout_gridlike, grunt_megastairs_2, uniq_gastronok
Lair:2:   layout_roguey, nicolae_snake_entry_squirm,
          portal_ice_cave_entry_pillars_2
Lair:3:   wad_woods_structure_01, layout_layer_cave, elwin_shoals_entry_stream,
          gammafunk_ghost_wrathful_warriors, basic_altar
Lair:4:   layout_misc_corridors, minmay_slime_entry_jelly_boxes,
          roderic_batcave, grunt_megastairs_4, serial_bayou_shore_a, uniq_snorg
Lair:5:   hangedman_lair_caniforms_friends, layout_long_grid,
          guppyfry_lair_end_dragon
Shoals:1: layout_shoals, serial_shops, nicolae_diamond_shop,
          nicolae_take_the_stairs
Shoals:2: nzn_motion_control, layout_shoals, nicolae_stop_n_shop_2,
          nicolae_shoals_former_cling_halls, uniq_polyphemus
Shoals:3: gammafunk_sealed_arena, layout_shoals, nicolae_shoals_beach_cooler
Shoals:4: shoals_end_hangedman, layout_shoals
Snake:1:  layout_misc_corridors, hangedman_snake_corridor_split, uniq_louise,
          uniq_jorgrun
Snake:2:  layout_honeycomb, uniq_mlioglotl
Snake:3:  layout_misc_corridors, minmay_shoptagon, uniq_aizul, uniq_asterion
Snake:4:  minmay_snake_end_coiled, layout_layer_cave, serial_shops,
          nicolae_shop_trees, st_stairs_2, serial_bayou_shore_b, uniq_saint_roka
Slime:1:  layout_caves
Slime:2:  layout_caves, cheibrodos_slime_lost_civilization_5
Slime:3:  layout_caves
Slime:4:  layout_caves
Slime:5:  slime_pit_nicolae_inversion, uniq_dissolution
Orc:1:    layout_diamond_mine
Orc:2:    grunt_orc_cross, layout_diamond_mine, serial_shops, shop,
          guppyfry_library_mini, uniq_josephine, uniq_maurice
Elf:1:    layout_loops_cross, serial_shops, nicolae_shop_tiny_statue_garden,
          nicolae_elf_blasts_and_bolts, st_stairs_7, nicolae_elf_stone_circles,
          uniq_nikola
Vaults:1: nicolae_vaults_shock_wave, v_misc_12, nicolae_vaults_tetromino_T_2,
          nicolae_vaults_tangram_1, hangedman_vaults_maws,
          nicolae_vaults_tetromino_L_1, nicolae_vaults_sightless_eye,
          vaults_dpeg_hooks, vaults_dpeg_ring, layout_vaults_chaotic_city
Vaults:2: nicolae_vaults_twisting_passages, vaults_room_fours,
          nicolae_vaults_little_squares_6, vaults_dpeg_cross,
          serial_library_hellmonk_angled_corner, ontoclasm_vaults_pinch,
          nicolae_vaults_little_squares_1, v_misc_12, v_misc_30,
          nicolae_vaults_apartment_2, nicolae_vaults_shelves_hall,
          nicolae_vaults_mini_display_case, nicolae_vaults_sealed_display,
          layout_vaults_ring
Vaults:3: gammafunk_ghost_abyssal_escape, v_misc_2, blue_anna_dwarven_crypt,
          vaults_standard_mumra_enter_the_diamond, ontoclasm_vaults_eye,
          nicolae_vaults_tetromino_Z_1, nicolae_vaults_oozy_zoo,
          nicolae_vaults_apartment_2, nicolae_vaults_trapezoid_4,
          nicolae_vaults_alarming, hangedman_vaults_slice,
          nicolae_vaults_hexular_roomagon, layout_vaults_omnicross,
          serial_shops, shop, nicolae_shop_hallway_plus, uniq_zenata
Vaults:4: portal_desolation_entry_nicolae_slug, v_misc_15,
          nicolae_vaults_trapezoid_2, v_misc_29,
          nicolae_vaults_closet_pinwheel_4, nicolae_vaults_little_squares_3,
          nicolae_vaults_trapezoid_lopsided_1, nicolae_vaults_little_squares_2,
          hangedman_vaults_locks, nicolae_vaults_house_1, layout_vaults_omnigrid
Vaults:5: uniq_jory
Depths:1: layout_honeycomb, minmay_door_square, grunt_hell_entry_dis_grunt,
          kennysheep_generic_room_9, grunt_megastairs_3
Depths:2: kb_forest_paths, layout_cave_pools, enter_ziggurat_a,
          rand_demon_pan_entry_9, grunt_metal_band, nicolae_inconvenience_store,
          hangedman_decor_opposing
Depths:3: grunt_deathspiral_large, layout_gridlike, reono_crystal_passage,
          abyss_entry, hell_entry, mu_enter_wizlab_4, pan_entry,
          okawaru_ov_weapons_minmay
Depths:4: evilmike_zot_entry_basic, layout_cross, hangedman_geh_valley,
          serial_shops, nicolae_shop_behind_doors, rand_demon_pan_entry_1
Hell
Zot:1:    layout_basic, st_small_dragon_hoard_4
Zot:2:    lemuel_draconian_sentries, layout_misc_corridors, uniq_parghit,
          uniq_josephina
Zot:3:    kennysheep_bubbly, layout_twisted_circle
Zot:4:    lemuel_acid_trip, layout_cathedral_of_symmetry
Zot:5:    layout_misc_corridors

Skill      XL: |  1  2  3  4  5  6  7  8  9 10 11 12 13 14 15 16 17 18 19 20 21 22 23 24 25 26 27 |
---------------+----------------------------------------------------------------------------------+-----
Fighting       | 4 5 7 9 10 11 12 14 16 18 20 21 22 | 22.0
Axes           | 4 5 7 9 10 11 12 14 16 18 | 18.0
Throwing       | 2 4 6 9 12 | 12.0
Armour         | 3 4 6 8 9 10 11 13 14 15 16 17 19 | 19.8
Evocations     | 6 11 12 13 14 15 17 19 21 24 | 24.1
Long Blades    | 6 11 14 15 17 19 20 23 24 26 27 | 27.0
Dodging        | 3 5 8 10 11 13 14 15 16 17 18 20 | 20.4
Stealth        | 3 6 7 |  7.0

Action                     |  1- 3 |  4- 6 |  7- 9 | 10-12 | 13-15 | 16-18 | 19-21 | 22-24 | 25-27 || total
---------------------------+-------+-------+-------+-------+-------+-------+-------+-------+-------++-------
  Melee: Hand axe          |    57 |   240 |   346 |   637 |   405 |   373 |       |       |       ||  2058
         Dagger            |    48 |       |       |       |       |       |       |       |       ||    48
         Broad axe         |       |       |       |   295 |    26 |       |       |   518 |   848 ||  1687
         Double sword      |       |       |       |       |   456 |   624 |   638 |   793 |   910 ||  3421
         War axe           |       |       |       |       |       |   205 |   624 |   237 |       ||  1066
         Unarmed           |       |       |       |       |       |       |     1 |       |       ||     1
         Bite              |       |       |       |       |       |       |       |   110 |   267 ||   377
         Headbutt          |       |       |       |       |       |       |       |   145 |   439 ||   584
  Throw: Boomerang         |       |       |       |    10 |     6 |     1 |     7 |       |     7 ||    31
         Throwing net      |       |       |       |     2 |       |       |       |       |     2 ||     4
 Invoke: Berserk           |     1 |     3 |     3 |     4 |     7 |    11 |     4 |    14 |    20 ||    67
         Trog's Hand       |       |     2 |       |     2 |     6 |     7 |    10 |    19 |    13 ||    59
         Brothers in Arms  |       |       |       |       |     2 |       |     1 |       |       ||     3
Ability: Invent Gizmo      |       |       |       |       |     1 |       |       |       |       ||     1
  Evoke: Wand              |       |       |       |    17 |    14 |    25 |    14 |    19 |    40 ||   129
         Tin of tremorston |       |       |       |       |     3 |     2 |     2 |     3 |     3 ||    13
         Sack of spiders   |       |       |       |       |     1 |     1 |       |     1 |       ||     3
         Phial of floods   |       |       |       |       |       |     3 |     1 |     1 |       ||     5
         Phantom mirror    |       |       |       |       |       |     1 |       |     2 |       ||     3
    Use: Scroll            |       |     4 |     4 |    18 |    12 |     6 |     6 |     7 |     7 ||    64
         Potion            |       |       |     2 |       |     3 |    12 |     3 |    22 |    24 ||    66
   Stab: Distracted        |       |       |       |     6 |     5 |       |     2 |     3 |     7 ||    23
         Held in net/web   |       |       |       |     2 |       |       |       |       |     2 ||     4
         Petrified         |       |       |       |       |       |     3 |     9 |       |       ||    12
         Invisible         |       |       |       |       |       |       |     6 |     4 |       ||    10
         Sleeping          |       |       |       |       |       |       |       |     3 |     1 ||     4
 Armour: Animal skin       |     8 |       |       |       |       |       |       |       |       ||     8
         Ring mail         |    31 |    75 |       |       |       |       |       |       |       ||   106
         Plate armour      |       |    24 |   201 |   450 |   279 |       |       |       |       ||   954
         Chain mail        |       |       |       |       |   209 |   605 |   538 |   714 |   840 ||  2906
  Dodge: Dodged            |    25 |    68 |    54 |   108 |   176 |   369 |   461 |   612 |   923 ||  2796
Riposte: Double sword      |       |       |       |       |       |       |       |       |   149 ||   149
         Broad axe         |       |       |       |       |       |       |       |       |   144 ||   144

Table legend: (Time is in decaauts)
 A = Elapsed time spent in this place.
 B = Non-inter-level travel time spent in this place.
 C = Inter-level travel time spent in this place.
 D = Time resting spent in this place.
 E = Time spent auto-exploring this place.
 F = Levels seen in this place.
 G = Mean time per level.
                   A        B        C        D        E       F      G
               +--------+--------+--------+--------+--------+-----+--------+
         Total |  70591 |  66299 |   4292 |  15396 |  36981 |  56 | 1260.6 |
       Dungeon |  16686 |  15141 |   1545 |   1966 |  10184 |  15 | 1112.4 |
          Lair |   7491 |   6580 |    911 |    913 |   4683 |   5 | 1498.2 |
        Shoals |   5432 |   5081 |    351 |    495 |   3351 |   4 | 1358.0 |
     Snake Pit |   6399 |   6232 |    167 |   1553 |   3588 |   4 | 1599.8 |
    Slime Pits |   1823 |   1797 |     26 |    550 |    317 |   5 |  364.6 |
  Orcish Mines |   2152 |   1982 |    170 |    555 |   1090 |   2 | 1076.0 |
   Elven Halls |   1743 |   1688 |     55 |    281 |   1115 |   1 | 1743.0 |
        Vaults |   7988 |   7578 |    410 |   1306 |   4578 |   5 | 1597.6 |
        Depths |   6806 |   6422 |    384 |   1943 |   3372 |   4 | 1701.5 |
          Hell |    427 |    406 |     21 |      0 |    284 |   1 |  427.0 |
           Zot |   9951 |   9705 |    246 |   4942 |   3266 |   5 | 1990.2 |
         Abyss |    314 |    314 |      0 |     18 |      1 |   1 |  314.0 |
        Bailey |    926 |    926 |      0 |    283 |    400 |   1 |  926.0 |
      Ice Cave |    522 |    522 |      0 |    336 |      0 |   1 |  522.0 |
        Wizlab |   1016 |   1016 |      0 |     40 |    520 |   1 | 1016.0 |
    Desolation |    910 |    910 |      0 |    210 |    230 |   1 |  910.0 |
               +--------+--------+--------+--------+--------+-----+--------+

Top non-repeatable levels by time:
   Zot:1: 2777 daAuts
   Zot:4: 2482 daAuts
    D:11: 2411 daAuts
   Zot:3: 2293 daAuts
Vaults:5: 2253 daAuts
  Lair:3: 2184 daAuts
 Snake:4: 2115 daAuts
Shoals:4: 2050 daAuts
Depths:1: 1978 daAuts
Depths:3: 1927 daAuts
   Elf:1: 1743 daAuts
 Snake:2: 1726 daAuts
Depths:4: 1690 daAuts
Vaults:3: 1668 daAuts
  Lair:1: 1624 daAuts
